 Dungeon Crawl Stone Soup version 0.28.0-62-gf88900778d (webtiles) character file.

Game seed: 4998969375169594576

3203 cbfl8 the Cleaver (level 9, -12/103 HPs)
             Began as a Demonspawn Berserker on May 2, 2023.
             Was a Priest of Trog.
             Mangled by a wight
             ... wielding a +4 war axe
              (19 damage)
             ... on level 8 of the Dungeon.
             The game lasted 00:08:38 (10923 turns).

cbfl8 the Cleaver (Demonspawn Berserker)           Turns: 10923, Time: 00:08:39

Health: -12/103    AC:  0    Str: 19    XL:     9   Next: 65%
Magic:  9/9        EV: 15    Int:  8    God:    Trog [***...]
Gold:   0          SH:  0    Dex: 16    Spells: 8/8 levels left

rFire   . . .      SeeInvis .     - Unarmed
rCold   . . .      Faith    .   (shield currently unavailable)
rNeg    . . .      Spirit   .   (armour currently unavailable)
rPois   .          Reflect  .   (helmet currently unavailable)
rElec   .          Harm     .   (cloak currently unavailable)
rCorr   .          Rampage  .   (gloves currently unavailable)
Will    .....                   (boots currently unavailable)
Stlth   ..........              (no amulet)
HPRegen 0.27/turn               (ring currently unavailable)
MPRegen 0.11/turn               (ring currently unavailable)

@: berserking (expiring), pig-form (expiring), very quick
A: fast, no casting, small, (hooves 2), demonic guardian 1, demonic magic 2
a: Renounce Religion, Berserk, Trog's Hand


You were on level 8 of the Dungeon.
You worshipped Trog.
Trog was most pleased with you.
You were a filthy swine.
You visited 1 branch of the dungeon, and saw 8 of its levels.

Inventory:

Hand Weapons
 w - a +1 war axe (melded)
Armour
 m - a +2 pair of gloves (melded)
 x - +0 shadow dragon scales (melded)
 C - a +0 buckler (melded)
Wands
 b - a wand of digging (1)
 j - a wand of polymorph (9)
 q - a wand of mindburst (14)
Scrolls
 c - 2 scrolls of fear
 d - a scroll of enchant weapon
 e - 2 scrolls of brand weapon {unknown}
 g - 3 scrolls of teleportation
 h - a scroll of summoning
 o - a scroll of noise
 s - a scroll of amnesia {unknown}
 v - 2 scrolls of immolation {unknown}
 y - 2 scrolls of blinking {unknown}
 A - a scroll of enchant armour {unknown}
Potions
 a - 2 potions of brilliance {unknown}
 i - 2 potions of flight {unknown}
 k - a potion of attraction {unknown}
 n - a potion of degeneration {unknown}
 p - 3 potions of curing {unknown}
 r - 4 potions of mutation {unknown}
 u - a potion of lignification {unknown}
 z - a potion of berserk rage {unknown}
 B - a potion of invisibility


   Skills:
 + Level 6.1 Fighting
 + Level 8.2 Axes
 + Level 5.6 Armour
 + Level 3.1 Dodging
 + Level 1.8 Stealth
 + Level 1.0 Unarmed Combat
 * Level 5.8 Evocations


You had 8 spell levels left.
You didn't know any spells.
Your spell library was empty.

Dungeon Overview and Level Annotations

Branches:
Dungeon (8/15)             Temple (0/1) D:4
   Lair: D:8-11

Altars:
Cheibriados
Elyvilon
Gozag
Kikubaaqudgha
Uskayaw
Vehumet

Shops:
D:4 *

Annotations:
D:8 Maurice


Innate Abilities, Weirdness & Mutations

You are a filthy swine.
You move quickly.
Your equipment is almost entirely melded.
You are incapable of wielding weapons or throwing items.
You cannot cast spells.
((You have hoof-like feet.))
A weak demonic guardian rushes to your aid.
Spells you cast may paralyse nearby enemies.


Message History

Trog accepts your kill.
Unknown command.
You bite the kobold!
You kill the kobold!
Trog accepts your kill.
A wight comes into view. It is wielding a +4 war axe.
Maurice hits you with a +0 dagger!
A demonic guardian appears!
Maurice steals the ring "Zaogg" {rC- Will+ Str+6}!
Maurice puts on the ring "Zaogg" {rC- Will+ Str+6}.
A wight comes into view. It is wielding a +2 great sword.
Items here: ))) ††.
You are too injured to fight recklessly!
You are too injured to fight recklessly!
You are too injured to fight recklessly!
You are too injured to fight recklessly!
You are too injured to fight recklessly!
Unknown command.
You closely miss Maurice.
Maurice mumbles some strange words.
Maurice flickers and vanishes!
Deactivating autopickup; reactivate with Ctrl-A.
You barely miss something.
A wight comes into view. It is wielding a +2 hand axe.
You bite something!
A wight comes into view.
It is wielding a +0 great sword and wearing a +2 robe of the Archmagi.
Something hits you!
Something steals 2 of your 3 scrolls of enchant weapon!
You barely miss something. The wight hits you with a +4 war axe!
* * * LOW HITPOINT WARNING * * *
You barely miss something.
Your transformation is almost over.
Something hits you.
* * * LOW HITPOINT WARNING * * *
Something steals 413 gold pieces!
You now have 0 gold pieces.
You closely miss something. The wight hits you with a +4 war axe!
* * * LOW HITPOINT WARNING * * *
You bite something! You miss something. Something barely misses you.
The wight hits you with a +4 war axe!!
You die...

#....#........#
#######..##....#
#8..#.........#
#_............#
#8..#.........#
###########..##...#
.......)).....#......
.......)5.....#.......
...##.h############...
. #z{# ...


#zzz .. ..... >...... ######### You could see 4 wights and a friendly ufetubus
(summoned).

Vanquished Creatures
  A steam dragon (D:7)
  3 vampire mosquitoes (D:7)
  Menkaure (D:6)
  Edmund (D:6)
  A water moccasin (D:7)
  An ice beast (D:7)
  A black bear (D:7)
  3 ogres
  2 centaurs
  A kobold brigand (D:8)
  A phantom (D:6)
  A lemure (D:4)
  3 bullfrogs
  A scorpion (D:5)
  2 hounds
  5 orc priests
  Terence (D:2)
  6 iguanas
  5 orc wizards
  A statue (D:7)
  A killer bee zombie (D:6)
  A hound skeleton (D:5)
  A howler monkey skeleton (D:7)
  3 adders
  2 worms
  5 dart slugs
  22 orcs
  8 ball pythons
  5 endoplasms
  3 giant cockroaches
  10 goblins
  11 hobgoblins
  7 jackals
  5 quokkas
  8 bats
  6 frilled lizards
  14 kobolds
  3 rats
156 creatures vanquished.

Vanquished Creatures (collateral kills)
  Pikel (D:4)
  An ogre (D:7)
  A jelly (D:6)
  A centaur skeleton (D:7)
4 creatures vanquished.

Grand Total: 160 creatures vanquished

Notes
Turn   | Place    | Note
-------+----------+-------------------------------------------
     0 | D:1      | cbfl8 the Demonspawn Berserker began the quest for the Orb.
     0 | D:1      | Reached XP level 1. HP: 18/18 MP: 1/1
   636 | D:1      | Gained mutation: You have large cloven feet. [demonic
                  | ancestry]
   636 | D:1      | Reached XP level 2. HP: 19/24 MP: 2/2
   709 | D:1      | Reached skill level 3 in Axes
   885 | D:1      | Found a faded altar of an unknown god.
  1179 | D:1      | Gained mutation: Spells you cast may paralyse adjacent
                  | enemies. [demonic ancestry]
  1179 | D:1      | Reached XP level 3. HP: 27/29 MP: 3/3
  1463 | D:1      | Reached ** piety under Trog
  1784 | D:2      | Noticed Terence
  1803 | D:2      | HP: 1/43 [Terence/+0 flail (2)]
  1805 | D:2      | Killed Terence
  1806 | D:2      | Gained mutation: A weak demonic guardian rushes to your
                  | aid. [demonic ancestry]
  1806 | D:2      | Reached XP level 4. HP: 2/36 MP: 4/4
  2673 | D:3      | Reached skill level 1 in Evocations
  2915 | D:3      | Reached skill level 4 in Axes
  2918 | D:3      | Gained mutation: Spells you cast may paralyse nearby
                  | enemies. [demonic ancestry]
  2918 | D:3      | Reached XP level 5. HP: 37/42 MP: 5/5
  3215 | D:3      | You fall into a shaft and drop 1 floor!
  3219 | D:4      | Found Zieves's Overcharged Wands.
  3256 | D:4      | Reached *** piety under Trog
  3300 | D:4      | Identified the +2 ring mail of the Wasteland {rPois}
  4134 | D:4      | Noticed a lemure
  4135 | D:4      | Noticed a lemure
  4136 | D:4      | Noticed Pikel
  4136 | D:4      | Noticed a lemure
  4142 | D:4      | Killed a lemure
  4142 | D:4      | Noticed a lemure
  4161 | D:4      | Killed Pikel
  4162 | D:4      | Reached skill level 5 in Axes
  4162 | D:4      | Reached skill level 1 in Stealth
  4162 | D:4      | Reached XP level 6. HP: 10/48 MP: 6/6
  4162 | D:4      | Reached XP level 7. HP: 11/54 MP: 7/7
  4515 | D:4      | Found a staircase to the Ecumenical Temple.
  4686 | D:4      | Identified the ring "Zaogg" {rC- Will+ Str+6}
  5238 | D:5      | Entered Level 5 of the Dungeon
  5259 | D:5      | Found an ancient bone altar of Kikubaaqudgha.
  6213 | D:5      | Reached XP level 8. HP: 20/61 MP: 8/8
  6521 | D:5      | Reached skill level 5 in Fighting
  6924 | D:6      | Found a snail-covered altar of Cheibriados.
  7084 | D:6      | Reached skill level 6 in Axes
  7241 | D:6      | Found a hide-covered altar of Uskayaw.
  7418 | D:6      | HP: 3/93 [orc/+4 trident (8)]
  8258 | D:6      | Noticed Menkaure
  8268 | D:6      | Killed Menkaure
  8554 | D:6      | Noticed Edmund
  8576 | D:6      | Killed Edmund
  9166 | D:7      | Gained mutation: You have hoof-like feet. [demonic
                  | ancestry]
  9166 | D:7      | Reached XP level 9. HP: 47/68 MP: 9/9
  9310 | D:7      | Reached skill level 7 in Axes
  9310 | D:7      | Reached skill level 5 in Armour
  9310 | D:7      | Reached skill level 5 in Evocations
 10585 | D:7      | Reached skill level 8 in Axes
 10700 | D:7      | Found a radiant altar of Vehumet.
 10863 | D:8      | Found an opulent altar of Gozag.
 10900 | D:8      | Noticed Maurice
 10913 | D:8      | Reached skill level 1 in Unarmed Combat
 10923 | D:8      | Mangled by a wight

Illustrated notes

Levels and vault maps discovered:
D:1:      minmay_arrival_five_plusses, layout_basic,
          shapermc_ecumenical_altar_venn, hangedman_feature_mirror,
          nicolae_concentric_dashed_squares_mild, st_stairs_11,
          chequers_serial_rivers_room_b, chequers_serial_rivers_small_b
D:2:      layout_basic, minmay_hexomino_f4, uniq_terence
D:3:      layout_loops_ring
D:4:      layout_loops_ring, lemuel_round_altar, minmay_temple_entry_waves,
          nicolae_shop_overcharged_wands, uniq_pikel
D:5:      layout_basic, amcnicky_altar_gilded, minmay_misc_feat_more_columns,
          minmay_crystal_room
D:6:      layout_layer_cave, kennysheep_slug_shrine, mainiacjoe_overflow_paths,
          hex_medium, uniq_edmund, uniq_menkaure
D:7:      layout_cave_pools, vehumet_statue, kennysheep_decorative_pillar
D:8:      layout_gridville, grunt_gozag_breadcrumbs, uniq_maggie, uniq_maurice

Skill      XL: |  1  2  3  4  5  6  7  8  9 |
---------------+----------------------------+-----
Axes           | 3 4 5 6 8 |  8.2
Dodging        | 2 3 |  3.1
Armour         | 2 3 4 5 |  5.6
Evocations     | 1 2 3 4 5 |  5.8
Fighting       | 4 5 6 |  6.1
Stealth        | 1 |  1.8
Unarmed Combat | 1 |  1.0

Action                   |  1- 3 |  4- 6 |  7- 9 || total
-------------------------+-------+-------+-------++-------
Melee: Hand axe          |    98 |   146 |    30 ||   274
       Kick              |    16 |    25 |    76 ||   117
       Punch             |     2 |     2 |     5 ||     9
       Unarmed           |       |    12 |    17 ||    29
       War axe           |       |       |   204 ||   204
Invok: Berserk           |     2 |     1 |     5 ||     8
       Trog's Hand       |       |     1 |       ||     1
  Use: Scroll            |       |       |     6 ||     6
       Potion            |       |       |     1 ||     1
 Stab: Sleeping          |     1 |       |     1 ||     2
Armor: Animal skin       |    21 |       |       ||    21
       Ring mail         |     7 |       |       ||     7
       Scale mail        |       |    62 |       ||    62
       Chain mail        |       |     4 |    49 ||    53
       Shadow dragon sca |       |       |   112 ||   112
Dodge: Dodged            |    63 |    86 |   116 ||   265
Block: Buckler           |       |       |     1 ||     1
